 Dungeon Crawl Stone Soup version 0.20.1-1-g8b1a95d (webtiles) character file.

81 zhuk the Cudgeler (level 4, -4/26 HPs)
             Began as a Gargoyle Gladiator on Sept 19, 2017.
             Slain by Natasha (5 damage)
             ... on level 1 of the Dungeon.
             The game lasted 00:03:19 (1449 turns).

zhuk the Cudgeler (Gargoyle Gladiator)              Turns: 1449, Time: 00:03:20

Health: -4/26      AC:  7    Str: 17    XL:     4   Next: 42%
Magic:  4/4        EV: 12    Int: 10    God:
Gold:   70         SH:  0    Dex: 11    Spells: 3/3 levels left

rFire    + . .     SeeInvis .   a - +0 flail
rCold    + . .     Gourm    .   (no shield)
rNeg     + . .     Faith    .   b - +0 leather armour
rPois    ∞         Spirit   .   c - +0 helmet
rElec    +         Reflect  .   h - scarf {rC+ rF+}
rCorr    .         Harm     .   (no gloves)
MR       .....                  (no boots)
Stlth    +.........             (no amulet)
Regen    0.1/turn               (no ring)
MPRegen  0.1/turn               (no ring)

@: no status effects
A: negative energy resistance 1, electricity resistance, unbreathing,
petrification resistance, rot immunity, AC +3
a: no special abilities


You were on level 1 of the Dungeon.
You were not hungry.

You visited 1 branch of the dungeon, and saw 2 of its levels.

You collected 70 gold pieces.

Inventory:

Hand Weapons
 a - a +0 flail (weapon)
Missiles
 d - 3 throwing nets (quivered)
Armour
 b - a +0 leather armour (worn)
 c - a +0 helmet (worn)
 h - a scarf of resistance (worn)
Scrolls
 e - a scroll of random uselessness {unknown}
 g - a scroll of blinking {unknown}
 n - 3 scrolls of remove curse {unknown}
 q - a scroll of noise {unknown}
 s - a scroll of amnesia {unknown}
Potions
 i - a potion of lignification {unknown}
 j - a potion of brilliance {unknown}
 k - a potion of degeneration {unknown}
 l - a potion of heal wounds {unknown}
 p - a potion of curing {unknown}
Comestibles
 f - a bread ration
 m - a meat ration
 o - 2 royal jellies
 r - 6 chunks of flesh


   Skills:
 - Level 2.1 Fighting
 + Level 5.1 Maces & Flails
 - Level 1.7 Throwing
 - Level 2.4 Dodging


You had 3 spell levels left.
You didn't know any spells.

Dungeon Overview and Level Annotations

Branches:
Dungeon (2/15)

Altars:

Annotations:
D:1 Natasha
D:2 Sigmund


Innate Abilities, Weirdness & Mutations

You are resistant to torment.
Your stone body is resilient. (AC +3)
You are immune to poison.
You resist negative energy. (rN+)
You are resistant to electric shocks. (rElec)
You can survive without breathing.
You are immune to petrification.
You are immune to rotting.


Message History

A mysterious force pulls you upwards. The hatch slams shut behind you.
You hit Natasha.
Natasha is heavily wounded.
Natasha mumbles some strange words.
You closely miss Natasha.
Natasha is heavily wounded.
Natasha barely misses you. The shadow imp gestures at you.
Pain shoots through your body!
* * * LOW HITPOINT WARNING * * *
You closely miss Natasha.
Natasha is heavily wounded.
Natasha claws you.
* * * LOW HITPOINT WARNING * * *
The shadow imp barely misses you.
You barely miss Natasha.
Natasha is heavily wounded.
Natasha closely misses you. The shadow imp barely misses you.
Natasha claws you.
You die...

#####........# ###########.....
'............# #........##.....
####[........# #........##.....
#..#.........# #........##.....
...#.........# #........####...
#.##.........#####..........##...
.............##.......##....##...
#.####.#####...h.5....##....##...
................@......).........
.................................
#.#############.......##....###.#
#.# #.......##....# #.. #.#
######...###### ##. #)# #########
##. ..######### ##..≈§§..## #..
.....)....# #§§≈≈§§≈≈.# #..
....(.....## #..≈§≈§≈..# #..


You could see Natasha and a shadow imp.

Vanquished Creatures
  Terence (D:2)
  2 adders (D:2)
  A dart slug (D:1)
  A leopard gecko (D:1)
  3 giant cockroaches
  7 goblins
  4 hobgoblins (D:2)
  5 bats
  4 frilled lizards
  2 kobolds (D:2)
  7 rats
37 creatures vanquished.

Notes
Turn   | Place    | Note
-------+----------+-------------------------------------------
     0 | D:1      | zhuk the Gargoyle Gladiator began the quest for the Orb.
     0 | D:1      | Reached XP level 1. HP: 12/12 MP: 1/1
   238 | D:1      | Reached XP level 2. HP: 17/17 MP: 2/2
   672 | D:2      | Noticed Terence
   683 | D:2      | Killed Terence
   683 | D:2      | Reached skill level 4 in Maces & Flails
   683 | D:2      | Reached XP level 3. HP: 9/21 MP: 3/3
   879 | D:2      | Noticed Sigmund
  1120 | D:2      | Reached XP level 4. HP: 26/26 MP: 4/4
  1137 | D:2      | Reached skill level 5 in Maces & Flails
  1428 | D:2      | Noticed Natasha
  1448 | D:1      | HP: 1/26 [Natasha (3)]
  1449 | D:1      | Slain by Natasha

Skill      XL: |  1  2  3  4 |
---------------+-------------+-----
Maces & Flails | 4 5 |  5.1
Fighting       | |  2.1
Throwing       | |  1.7
Dodging        | |  2.4

Action                   |  1- 3 |  4- 6 || total
-------------------------+-------+-------++-------
Melee: Flail             |    88 |    53 ||   141
  Eat: Chunk             |     1 |     1 ||     2
Armor: Leather armour    |    32 |    23 ||    55
Dodge: Dodged            |    59 |    38 ||    97
